TOP OF THE 1ST |
Atlanta Braves batting - Pitching for New York Mets : RHP Luis Severino
|
Pitching: RHP Luis Severino
|
|
Batting: LHB Mallex Smith
|
0-0: SINGLE (Flyball, 7LS, EV 85.0 MPH)
|
Batting: RHB Adeiny Hechavarria
|
0-0: Ball 1-0: Fly out, F8 (Flyball, 8LS, EV 92.5 MPH)
|
Batting: LHB Ben Gamel
|
0-0: Called Strike 0-1: Called Strike 0-2: Ball 1-2: Ball 2-2: Ball 3-2: Fielders Choice at 2nd, 6-4 (Groundball, 56, EV 83.8 MPH)
|
Batting: LHB Kole Calhoun
|
0-0: Called Strike 0-1: Ground out 6-3 (Groundball, 4, EV 86.3 MPH)
|
Top of the 1st over - 0 runs, 1 hit, 0 errors, 1 left on base; Atlanta 0 - New York 0 |
BOTTOM OF THE 1ST |
New York Mets batting - Pitching for Atlanta Braves : LHP Brent Suter
|
Pitching: LHP Brent Suter
|
|
Batting: SHB Ian Happ
|
0-0: Called Strike 0-1: Ball 1-1: Ball 2-1: Swinging Strike 2-2: Ball 3-2: SINGLE (Groundball, 6MD, EV 98.8 MPH)
|
Batting: RHB Steve Pearce
|
0-0: Ball 1-0: Swinging Strike 1-1: Ball 2-1: Ball 3-1: Base on Balls Ian Happ to second
|
Batting: LHB Scott Schebler
|
0-0: Called Strike 0-1: Swinging Strike 0-2: Strikes out swinging
|
Batting: LHB Mike Moustakas
|
0-0: Swinging Strike 0-1: Called Strike 0-2: Fielders Choice at 2nd, 3-6 (Groundball, 34, EV 100.6 MPH) Ian Happ to third
|
Batting: RHB Starlin Castro
|
0-0: Ball 1-0: Ground out 6-3 (Groundball, 6S, EV 78.8 MPH)
|
Bottom of the 1st over - 0 runs, 1 hit, 0 errors, 2 left on base; Atlanta 0 - New York 0 |
TOP OF THE 2ND |
Atlanta Braves batting - Pitching for New York Mets : RHP Luis Severino
|
Batting: RHB John Ryan Murphy
|
0-0: Ball 1-0: Swinging Strike 1-1: Called Strike 1-2: Ball 2-2: Strikes out swinging
|
Batting: RHB Ian Desmond
|
0-0: Called Strike 0-1: Foul Ball, location: 2F 0-2: Ball 1-2: Strikes out looking
|
Batting: SHB Juniel Querecuto
|
0-0: Swinging Strike 0-1: Foul Ball, location: 2F 0-2: Ball 1-2: Fly out, F7 (Flyball, 7LMF, EV 86.9 MPH)
|
Top of the 2nd over - 0 runs, 0 hits, 0 errors, 0 left on base; Atlanta 0 - New York 0 |
BOTTOM OF THE 2ND |
New York Mets batting - Pitching for Atlanta Braves : LHP Brent Suter
|
Batting: RHB Salvador Perez
|
0-0: Ball 1-0: SOLO HOME RUN (Flyball, 78XD, EV 101.9 MPH), Distance : 426 ft
|
Batting: LHB Eddie Rosario
|
0-0: Called Strike 0-1: Fly out, F4 (Popup, 4, EV 82.5 MPH)
|
Batting: RHB Nick Ahmed
|
0-0: Ball 1-0: Ball 2-0: DOUBLE (Line Drive, 7LS, EV 90.0 MPH)
|
Batting: RHB Luis Severino
|
0-0: Called Strike 0-1: Ground out 6-3 (Groundball, 6, EV 85.0 MPH) Nick Ahmed to third
|
Batting: SHB Ian Happ
|
0-0: Ball 1-0: Ball 2-0: Reached on error, E6 (Groundball, 6, EV 81.3 MPH) Nick Ahmed scores
|
Batting: RHB Steve Pearce
|
0-0: Fly out, F8 (Flyball, 8RD, EV 102.5 MPH)
|
Bottom of the 2nd over - 2 runs, 2 hits, 1 error, 1 left on base; Atlanta 0 - New York 2 |
TOP OF THE 3RD |
Atlanta Braves batting - Pitching for New York Mets : RHP Luis Severino
|
Batting: RHB Pat Valaika
|
0-0: Fly out, F7 (Flyball, 78D, EV 109.4 MPH)
|
Batting: LHB Brent Suter
|
0-0: Swinging Strike 0-1: Foul Ball, location: 2F 0-2: Strikes out swinging
|
Batting: LHB Mallex Smith
|
0-0: Swinging Strike 0-1: Fly out, F8 (Line Drive, 8LD, EV 94.4 MPH)
|
Top of the 3rd over - 0 runs, 0 hits, 0 errors, 0 left on base; Atlanta 0 - New York 2 |
BOTTOM OF THE 3RD |
New York Mets batting - Pitching for Atlanta Braves : LHP Brent Suter
|
Batting: LHB Scott Schebler
|
0-0: Called Strike 0-1: Called Strike 0-2: Strikes out looking
|
Batting: LHB Mike Moustakas
|
0-0: SINGLE (Groundball, 5S, EV 70.0 MPH) (infield hit)
|
Batting: RHB Starlin Castro
|
0-0: Ball 1-0: Called Strike 1-1: Swinging Strike 1-2: Grounds into double play, 5-4-3 (Groundball, 5, EV 106.3 MPH)
|
Bottom of the 3rd over - 0 runs, 1 hit, 0 errors, 0 left on base; Atlanta 0 - New York 2 |
TOP OF THE 4TH |
Atlanta Braves batting - Pitching for New York Mets : RHP Luis Severino
|
Batting: RHB Adeiny Hechavarria
|
0-0: Fly out, F8 (Flyball, 89M, EV 93.1 MPH)
|
Batting: LHB Ben Gamel
|
0-0: Ball 1-0: Called Strike 1-1: Ball 2-1: Called Strike 2-2: Strikes out swinging
|
Batting: LHB Kole Calhoun
|
0-0: Ball 1-0: Called Strike 1-1: Called Strike 1-2: Strikes out looking
|
Top of the 4th over - 0 runs, 0 hits, 0 errors, 0 left on base; Atlanta 0 - New York 2 |
BOTTOM OF THE 4TH |
New York Mets batting - Pitching for Atlanta Braves : LHP Brent Suter
|
Batting: RHB Salvador Perez
|
0-0: Ball 1-0: Called Strike 1-1: Fly out, F9 (Flyball, 9LM, EV 101.3 MPH)
|
Batting: LHB Eddie Rosario
|
0-0: SINGLE (Line Drive, 6MD, EV 99.4 MPH)
|
Batting: RHB Nick Ahmed
|
0-0: 2-RUN HOME RUN (Flyball, 78XD, EV 99.4 MPH), Distance : 396 ft
|
Batting: RHB Luis Severino
|
0-0: Ball 1-0: Ball 2-0: Ball 3-0: Called Strike 3-1: Base on Balls
|
Batting: SHB Ian Happ
|
0-0: Fly out, F8 (Flyball, 8LM, EV 89.4 MPH)
|
Batting: RHB Steve Pearce
|
0-0: Ball 1-0: Foul Ball, location: 2F 1-1: SINGLE (Flyball, 56D, EV 95.6 MPH) Luis Severino to second
|
Batting: LHB Scott Schebler
|
0-0: Ball 1-0: Ball 2-0: Called Strike 2-1: Foul Ball, location: 2F 2-2: Foul Ball, location: 2F 2-2: Fly out, F9 (Flyball, 89S, EV 75.0 MPH)
|
Bottom of the 4th over - 2 runs, 3 hits, 0 errors, 2 left on base; Atlanta 0 - New York 4 |
TOP OF THE 5TH |
Atlanta Braves batting - Pitching for New York Mets : RHP Luis Severino
|
Batting: RHB John Ryan Murphy
|
0-0: Called Strike 0-1: Swinging Strike 0-2: Strikes out swinging
|
Batting: RHB Ian Desmond
|
0-0: Called Strike 0-1: Ball 1-1: Ball 2-1: Ball 3-1: Ground out 5-3 (Groundball, 56D, EV 109.4 MPH)
|
Batting: SHB Juniel Querecuto
|
0-0: Ball 1-0: Foul Ball, location: 2F 1-1: Fly out, F8 (Line Drive, 8LM, EV 88.8 MPH)
|
Top of the 5th over - 0 runs, 0 hits, 0 errors, 0 left on base; Atlanta 0 - New York 4 |
BOTTOM OF THE 5TH |
New York Mets batting - Pitching for Atlanta Braves : LHP Brent Suter
|
Batting: LHB Mike Moustakas
|
0-0: Swinging Strike 0-1: Ground out 4-3 (Groundball, 4, EV 85.0 MPH)
|
Batting: RHB Starlin Castro
|
0-0: Called Strike 0-1: Called Strike 0-2: Ball 1-2: Ground out 5-3 (Groundball, 56, EV 103.8 MPH)
|
Batting: RHB Salvador Perez
|
0-0: Foul Ball, location: 2F 0-1: Ground out 5-3 (Groundball, 5L, EV 81.9 MPH)
|
Bottom of the 5th over - 0 runs, 0 hits, 0 errors, 0 left on base; Atlanta 0 - New York 4 |
TOP OF THE 6TH |
Atlanta Braves batting - Pitching for New York Mets : RHP Luis Severino
|
Batting: RHB Pat Valaika
|
0-0: Ball 1-0: Ball 2-0: Ball 3-0: Called Strike 3-1: Fly out, F8 (Flyball, 8RXD, EV 108.1 MPH)
|
Pinch Hitting: RHB Domingo Santana
|
0-0: Hit by Pitch
|
Batting: LHB Mallex Smith
|
0-0: Ball 1-0: Swinging Strike 1-1: Foul Ball, location: 2F 1-2: Ball 2-2: Ball 3-2: Strikes out swinging
|
Batting: RHB Adeiny Hechavarria
|
0-0: Fielders Choice at 2nd, 6-4 (Groundball, 6, EV 106.9 MPH)
|
Top of the 6th over - 0 runs, 0 hits, 0 errors, 1 left on base; Atlanta 0 - New York 4 |
BOTTOM OF THE 6TH |
New York Mets batting - Pitching for Atlanta Braves : LHP Brent Suter
|
Pitching: RHP Daniel Hudson
|
|
Batting: LHB Eddie Rosario
|
0-0: Ball 1-0: Ground out 1-3 (Groundball, P, EV 83.1 MPH)
|
Batting: RHB Nick Ahmed
|
0-0: Foul Ball, location: 2F 0-1: Foul Ball, location: 2F 0-2: Strikes out swinging
|
Batting: RHB Luis Severino
|
0-0: SINGLE (Groundball, 56D, EV 93.8 MPH)
|
Batting: SHB Ian Happ
|
0-0: Ball 1-0: Swinging Strike 1-1: Ball 2-1: Ball 3-1: Base on Balls Luis Severino to second
|
Batting: RHB Steve Pearce
|
0-0: Called Strike 0-1: Fly out, F2 (Popup, 3SF, EV 85.0 MPH)
|
Bottom of the 6th over - 0 runs, 1 hit, 0 errors, 2 left on base; Atlanta 0 - New York 4 |
TOP OF THE 7TH |
Atlanta Braves batting - Pitching for New York Mets : RHP Luis Severino
|
Batting: LHB Ben Gamel
|
0-0: Ball 1-0: Fly out, F7 (Flyball, 7, EV 86.3 MPH)
|
Batting: LHB Kole Calhoun
|
0-0: Swinging Strike 0-1: Ball 1-1: Ball 2-1: Foul Ball, location: 2F 2-2: Foul Ball, location: 2F 2-2: Strikes out swinging
|
Batting: RHB John Ryan Murphy
|
0-0: Ball 1-0: Ball 2-0: Called Strike 2-1: Ball 3-1: Fly out, F9 (Flyball, 9, EV 93.8 MPH)
|
Top of the 7th over - 0 runs, 0 hits, 0 errors, 0 left on base; Atlanta 0 - New York 4 |
BOTTOM OF THE 7TH |
New York Mets batting - Pitching for Atlanta Braves : RHP Daniel Hudson
|
Pitching: RHP Paul Blackburn
|
|
Batting: LHB Scott Schebler
|
0-0: Called Strike 0-1: Ground out 2-3 (Groundball, 13S, EV 69.4 MPH)
|
Batting: LHB Mike Moustakas
|
0-0: Ball 1-0: Foul Ball, location: 2F 1-1: SOLO HOME RUN (Flyball, 9LD, EV 108.8 MPH), Distance : 351 ft
|
Batting: RHB Starlin Castro
|
0-0: Called Strike 0-1: Fly out, F7 (Flyball, 7, EV 83.1 MPH)
|
Batting: RHB Salvador Perez
|
0-0: Ball 1-0: Ball 2-0: Ground out 6-3 (Groundball, 6, EV 89.4 MPH)
|
Bottom of the 7th over - 1 run, 1 hit, 0 errors, 0 left on base; Atlanta 0 - New York 5 |
TOP OF THE 8TH |
Atlanta Braves batting - Pitching for New York Mets : RHP Luis Severino
|
Batting: RHB Ian Desmond
|
0-0: Foul Ball, location: 2F 0-1: Ball 1-1: Ball 2-1: Ground out 4-3 (Groundball, 4, EV 84.4 MPH)
|
Batting: SHB Juniel Querecuto
|
0-0: Called Strike 0-1: Ball 1-1: Foul Ball, location: 2F 1-2: Ball 2-2: Ground out 4-3 (Groundball, 4, EV 77.5 MPH)
|
Batting: RHB Pat Valaika
|
0-0: Ball 1-0: Called Strike 1-1: Ball 2-1: Foul Ball, location: 2F 2-2: Foul Ball, location: 2F 2-2: Ball 3-2: Strikes out swinging
|
Top of the 8th over - 0 runs, 0 hits, 0 errors, 0 left on base; Atlanta 0 - New York 5 |
BOTTOM OF THE 8TH |
New York Mets batting - Pitching for Atlanta Braves : RHP Paul Blackburn
|
Batting: LHB Eddie Rosario
|
0-0: Ball 1-0: Called Strike 1-1: Foul Ball, location: 2F 1-2: Ball 2-2: Foul Ball, location: 2F 2-2: Foul Ball, location: 2F 2-2: Ball 3-2: Foul Ball, location: 2F 3-2: Strikes out swinging
|
Batting: RHB Nick Ahmed
|
0-0: Foul Ball, location: 2F 0-1: Foul Ball, location: 2F 0-2: Fly out, F8 (Flyball, 8LS, EV 88.8 MPH)
|
Batting: RHB Luis Severino
|
0-0: DOUBLE (Line Drive, 7LM, EV 96.9 MPH)
|
Batting: SHB Ian Happ
|
0-0: Called Strike 0-1: Called Strike 0-2: Ground out 6-3 (Groundball, 56, EV 107.5 MPH)
|
Bottom of the 8th over - 0 runs, 1 hit, 0 errors, 1 left on base; Atlanta 0 - New York 5 |
TOP OF THE 9TH |
Atlanta Braves batting - Pitching for New York Mets : RHP Luis Severino
|
Pinch Hitting: LHB Lucas Duda
|
0-0: Ball 1-0: Called Strike 1-1: Ball 2-1: Foul Ball, location: 2F 2-2: Ball 3-2: Foul Ball, location: 2F 3-2: SINGLE (Groundball, 6MD, EV 93.8 MPH)
|
Pitching: RHP Justin Anderson
|
|
Batting: LHB Mallex Smith
|
0-0: Ball 1-0: Ball 2-0: Foul Ball, location: 2F 2-1: Ball 3-1: Foul Ball, location: 2F 3-2: Foul Ball, location: 2F 3-2: Base on Balls Lucas Duda to second
|
Batting: RHB Adeiny Hechavarria
|
0-0: SINGLE (Groundball, 34D, EV 105.6 MPH) Lucas Duda to third Mallex Smith to second
|
Pitching: RHP Corey Knebel
|
|
Batting: LHB Ben Gamel
|
0-0: Ball 1-0: Called Strike 1-1: Called Strike 1-2: Strikes out swinging
|
Batting: LHB Kole Calhoun
|
0-0: Foul Ball, location: 2F 0-1: Called Strike 0-2: Foul Ball, location: 2F 0-2: Foul Ball, location: 2F 0-2: Strikes out looking
|
Batting: RHB John Ryan Murphy
|
0-0: Ball 1-0: Called Strike 1-1: Called Strike 1-2: Strikes out swinging
|
Top of the 9th over - 0 runs, 2 hits, 0 errors, 3 left on base; Atlanta 0 - New York 5 |
|